[Event "*** SCC Grand Prix: Titled Tuesday Blitz"]
[Site "Chess.com"]
[Date "2020.06.09"]
[Round "8"]
[White "ElviraBerend"]
[Black "AlexSuv"]
[Result "0-1"]
[WhiteElo "2388"]
[BlackElo "2641"]
[TimeControl "180+1"]
[EndTime "10:32:56 PDT"]
[Termination "AlexSuv won by resignation"]

1. d4 Nf6 2. c4 e6 3. g3 d5 4. Nf3 dxc4 5. Bg2 Nc6 6. O-O Rb8 7. e3 Be7 8. Qe2 b5 9. b3 cxb3 10. axb3 a6 11. Rd1 Bb7 12. e4 O-O 13. Bb2 Nb4 14. d5 exd5 15. e5 Ne4 16. Nd4 Qc8 17. f3 Ng5 18. f4 Ne4 19. f5 c5 20. f6 gxf6 21.
Nf3 Re8 22. Rf1 Qg4 23. Nbd2 fxe5 24. Bxe5 Bd6 25. Nxe4 dxe4 26. Bxd6 exf3 27. Qxf3 Bxf3 0-1

[Event "*** SCC Grand Prix: Titled Tuesday Blitz"]
[Site "Chess.com"]
[Date "2020.06.09"]
[Round "8"]
[White "topin8"]
[Black "isainz"]
[Result "1-0"]
[WhiteElo "2353"]
[BlackElo "2156"]
[TimeControl "180+1"]
[EndTime "10:33:13 PDT"]
[Termination "topin8 won by resignation"]

1. e4 c5 2. Nf3 Nc6 3. Bb5 g6 4. Bxc6 dxc6 5. O-O Bg7 6. h3 Nf6 7. Nc3 O-O 8. d3 Nd7 9. Nh2 b5 10. f4 Bd4+ 11. Kh1 b4 12. Ne2 Bg7 13. Be3 Bxb2 14.
Rb1 Bg7 15. f5 Qa5 16. Ng3 Qxa2 17. Ng4 Bb7 18. Bh6 f6 19. Qd2 a5 20. Bxg7 Kxg7 21. Qh6+ Kg8 22. fxg6 hxg6 23. Qxg6+ Kh8 24. Rf5 Qxb1+ 25. Kh2 1-0

[Event "*** SCC Grand Prix: Titled Tuesday Blitz"]
[Site "Chess.com"]
[Date "2020.06.09"]
[Round "8"]
[White "Ladislav1969"]
[Black "Grandmaster2B"]
[Result "1-0"]
[WhiteElo "2343"]
[BlackElo "2423"]
[TimeControl "180+1"]
[EndTime "10:33:22 PDT"]
[Termination "Ladislav1969 won by resignation"]

1. e4 c5 2. d4 cxd4 3. c3 Nf6 4. e5 Nd5 5. Nf3 Nc6 6. Bc4 Nb6 7. Bb3 d5 8. exd6 Qxd6 9. O-O Bf5 10. Nxd4 Nxd4 11. cxd4 e6 12. Qf3 Qd7 13. Nc3 Be7 14. d5 O-O 15.
dxe6 Bxe6 16. Rd1 Qc8 17. Bxe6 fxe6 18. Qe4 Qc4 19. Qxb7 Bc5 20. Be3 Bxe3 21. fxe3 Rab8 22. Qe7 Nd5 23. Qxe6+ Kh8 24. Qxd5 Qh4 25. Rf1 Qe7 26. Qe4 Qc5 27. Rxf8+ Rxf8 28. Rf1 1-0

[Event "*** SCC Grand Prix: Titled Tuesday Blitz"]
[Site "Chess.com"]
[Date "2020.06.09"]
[Round "8"]
[White "TrenerChos"]
[Black "silverback96"]
[Result "0-1"]
[WhiteElo "2347"]
[BlackElo "2211"]
[TimeControl "180+1"]
[EndTime "10:33:23 PDT"]
[Termination "silverback96 won by checkmate"]

1. d4 Nf6 2. c4 e6 3. Nc3 d5 4.
Nf3 c5 5. e3 cxd4 6. exd4 Nc6 7.
cxd5 Nxd5 8. Be2 Be7 9. O-O O-O 10. Be3 Nxe3 11. fxe3 Bg5 12. Nxg5 Qxg5 13. Qd2 e5 14. d5 Rd8 15. Rad1 Ne7 16. e4 Qxd2 17. Rxd2 Ng6 18.
g3 Bd7 19. d6 a6 20. Nd5 Bc6 21. Nb6 Rab8 22. Rfd1 Bxe4 23. d7 Bc6 24. Rd6 e4 25.
Bxa6 Ne5 26. Rxc6 bxc6 27. Nc8 Rxd7 28. Rxd7 Nxd7 29. b3 Nc5 30. Ne7+ Kf8 31. Nxc6 Nxa6 32. Nxb8 Nxb8 33. Kf2 f5 34. Ke3 Ke7 35. Kf4 g6 36. a4 Kd6 37. Kg5 e3 38. Kf4 e2 39. Kf3 e1=Q 40.
Kf4 Qd2+ 41. Kf3 Nc6 42. b4 Nd4# 0-1

[Event "*** SCC Grand Prix: Titled Tuesday Blitz"]
[Site "Chess.com"]
[Date "2020.06.09"]
[Round "8"]
[White "Ceejay271"]
[Black "BronceYSueno"]
[Result "1-0"]
[WhiteElo "2389"]
[BlackElo "2246"]
[TimeControl "180+1"]
[EndTime "10:33:25 PDT"]
[Termination "Ceejay271 won by resignation"]

1. d4 Nf6 2. c4 g6 3. Nc3 Bg7 4. e4 O-O 5. Nf3 d6 6. Be2 e5 7. d5 a5 8. Bg5 Qe8 9. Nd2 Nfd7 10. g4 Na6 11. h4 a4 12. h5 a3 13. b3 Ndc5 14. h6 Bh8 15. f3 Nb4 16. Qb1 c6 17. Be3 cxd5 18. Nxd5 Nxd5 19. cxd5 b6 20. Nc4 Qd8 21.
b4 Nd7 22. Nxd6 Bf6 23. Qc1 Bh4+ 24. Kf1 f5 25. gxf5 gxf5 26. Nxf5 Rxf5 27. exf5 Bf6 28. Qc6 Nf8 29. Qxa8 1-0

[Event "*** SCC Grand Prix: Titled Tuesday Blitz"]
[Site "Chess.com"]
[Date "2020.06.09"]
[Round "8"]
[White "HElissalt"]
[Black "parnali1611"]
[Result "1/2-1/2"]
[WhiteElo "2198"]
[BlackElo "2036"]
[TimeControl "180+1"]
[EndTime "10:33:36 PDT"]
[Termination "Game drawn by repetition"]

1. d4 d5 2. c4 e6 3. Nc3 Nf6 4. cxd5 exd5 5. Bg5 Be7 6. e3 c6 7. Qc2 Nbd7 8. Bd3 Nh5 9. Bxe7 Qxe7 10. O-O-O Nb6 11.
h3 Be6 12. g4 Nf6 13. Nf3 O-O-O 14. Kb1 Kb8 15. Ne5 Rc8 16. f4 Ne8 17. f5 Bd7 18.
Qh2 Ka8 19. e4 f6 20. Nf3 dxe4 21. Bxe4 Nd6 22. Rhe1 Ndc4 23. Bxc6 Qb4 24. Bxd7 Na3+ 25. Ka1 Rxc3 26. bxc3 Qxc3+ 27. Qb2 Nc2+ 28. Kb1 Na3+ 29.
Ka1 Nc2+ 30. Kb1 Na3+ 31. Ka1 1/2-1/2

[Event "*** SCC Grand Prix: Titled Tuesday Blitz"]
[Site "Chess.com"]
[Date "2020.06.09"]
[Round "8"]
[White "profofchess"]
[Black "aNaartjieZA"]
[Result "0-1"]
[WhiteElo "2439"]
[BlackElo "2586"]
[TimeControl "180+1"]
[EndTime "10:33:38 PDT"]
[Termination "aNaartjieZA won by resignation"]

1. e4 e6 2. d4 d5 3. Nc3 Bb4 4.
exd5 exd5 5. Bd3 Nc6 6. Nf3 Bg4 7. O-O Nge7 8. h3 Bh5 9. a3 Bd6 10. Nb5 a6 11. Nxd6+ Qxd6 12. c3 Bg6 13. Re1 O-O 14. Bg5 f6 15. Bh4 Rae8 16. Bg3 Qd7 17. Nh4 Bxd3 18.
Qxd3 g5 19. Nf3 Ng6 20. b4 Nd8 21. c4 c6 22. c5 Ne6 23. Bd6 Nef4 24. Qf1 Rxe1 25.
Rxe1 Re8 26. Rxe8+ Qxe8 27. g3 Ne2+ 28. Kg2 Qe4 29. Qd1 h5 30. Kf1 Qxf3 0-1

[Event "*** SCC Grand Prix: Titled Tuesday Blitz"]
[Site "Chess.com"]
[Date "2020.06.09"]
[Round "8"]
[White "GjakanTati"]
[Black "StephenDedalus83"]
[Result "1-0"]
[WhiteElo "2610"]
[BlackElo "2731"]
[TimeControl "180+1"]
[EndTime "10:33:43 PDT"]
[Termination "GjakanTati won by resignation"]

1. d4 Nf6 2. c4 g6 3. Nc3 Bg7 4. e4 d6 5. Be2 O-O 6. Bg5 Nbd7 7. Qd2 a6 8. Nf3 c5 9. d5 b5 10. cxb5 Qa5 11. a4 axb5 12. Bxb5 Ba6 13. Rd1 Bxb5 14.
axb5 Nb6 15. O-O Qb4 16. Qe2 Rfb8 17. e5 Ng4 18. Bxe7 Nxe5 19. Bxd6 Nxf3+ 20. Qxf3 Rc8 21. Be7 Qxb2 22. Ne4 f5 23. Nxc5 Ra7 24. d6 Rxc5 25.
d7 Nxd7 26. Bxc5 Nxc5 27. Qd5+ Kh8 28. Qd8+ 1-0

[Event "*** SCC Grand Prix: Titled Tuesday Blitz"]
[Site "Chess.com"]
[Date "2020.06.09"]
[Round "8"]
[White "Julianos82"]
[Black "Nikolaj_6"]
[Result "0-1"]
[WhiteElo "2384"]
[BlackElo "2564"]
[TimeControl "180+1"]
[EndTime "10:33:45 PDT"]
[Termination "Nikolaj_6 won by resignation"]

1. d4 Nf6 2. Nf3 g6 3. c4 Bg7 4. Nc3 O-O 5. e4 d6 6. Be2 c5 7. d5 e6 8. O-O Re8 9. Qc2 exd5 10. cxd5 Bg4 11. h3 Bxf3 12. Bxf3 Nbd7 13. Bg5 a6 14. a4 Rc8 15. Rae1 h6 16. Bh4 Qa5 17. Bg3 Ne5 18.
Be2 g5 19. f4 gxf4 20. Bxf4 c4 21. Qd2 Kh7 22. Kh1 Nfd7 23. Bg4 Nxg4 24. hxg4 Qd8 25. Bxd6 Qh4+ 26. Kg1 Ne5 27. Qf4 Nxg4 28. Qf5+ Kh8 29. Bf4 Bd4+ 0-1

[Event "*** SCC Grand Prix: Titled Tuesday Blitz"]
[Site "Chess.com"]
[Date "2020.06.09"]
[Round "8"]
[White "Panterov"]
[Black "DishonorOnYourCow"]
[Result "1-0"]
[WhiteElo "2171"]
[BlackElo "2273"]
[TimeControl "180+1"]
[EndTime "10:33:50 PDT"]
[Termination "Panterov won by resignation"]

1. e4 c5 2. b3 d6 3. Bb2 Nc6 4. Nc3 Nf6 5. g3 g6 6. Bg2 Bg7 7. Nge2 O-O 8. O-O a6 9. f4 Rb8 10. a4 Qc7 11. Nd5 Nxd5 12. Bxg7 Kxg7 13. exd5 Nd8 14. c4 b5 15. d4 bxc4 16. bxc4 Rb4 17.
Rc1 Bg4 18. Bf3 Bxf3 19. Rxf3 Nb7 20. f5 cxd4 21. Qxd4+ Kg8 22. fxg6 hxg6 23. h4 Qc5 24. h5 Qxd4+ 25. Nxd4 Rxa4 26. Nc6 e6 27. hxg6 exd5 28.
Rcf1 Rxc4 29. Ne7+ Kh8 30. Rxf7 Rxf7 31. Rxf7 Rc1+ 32.
Kg2 Rc2+ 33. Kh3 1-0

[Event "*** SCC Grand Prix: Titled Tuesday Blitz"]
[Site "Chess.com"]
[Date "2020.06.09"]
[Round "8"]
[White "GigaQuparadze"]
[Black "LiverpooL174"]
[Result "1-0"]
[WhiteElo "2838"]
[BlackElo "2670"]
[TimeControl "180+1"]
[EndTime "10:33:52 PDT"]
[Termination "GigaQuparadze won by resignation"]

1. e4 c6 2. d4 d5 3. Nc3 dxe4 4.
Nxe4 Bf5 5. Ng3 Bg6 6. h4 h6 7.
Nf3 Nf6 8. Ne5 Bh7 9. Bd3 Nbd7 10. Bxh7 Nxe5 11. dxe5 Qa5+ 12. Kf1 Nxh7 13. e6 fxe6 14. Qe2 Rd8 15. Ne4 Nf6 16. Nc3 e5 17. Rh3 e6 18.
Rg3 Bb4 19. Rxg7 Bxc3 20. bxc3 Qxc3 21. Rb1 b5 22. Bb2 Qc4 23. Qxc4 bxc4 24. Bxe5 Nh5 25. Rg6 Kf7 26. Rg4 Rhe8 27. Rxc4 Rd5 28. Re1 Ng7 29. Bxg7 Kxg7 30. Rxc6 Kf6 31. g3 Ra5 32. Re3 Rxa2 33. Rf3+ Ke5 34. Rf7 a5 35. Ra7 a4 36. Rc4 a3 37.
Rc3 Ra1+ 38. Kg2 a2 39. Rca3 Rc8 40. Rxa2 Rxa2 41. Rxa2 Kf6 42. Kf3 Rc3+ 43. Ke2 Kf5 44. Rb2 e5 45. Kd2 Rf3 46. Ke1 Rc3 47. Rb6 h5 48. Rh6 Kg4 49. Rg6+ Kf3 50. Kd2 Rc4 51.
Rf6+ Kg2 52. c3 Ra4 53. Kd3 e4+ 54. Ke3 Rc4 55. Kd2 e3+ 56. fxe3 Kxg3 57. Rf4 Rc8 58.
c4 1-0

[Event "*** SCC Grand Prix: Titled Tuesday Blitz"]
[Site "Chess.com"]
[Date "2020.06.09"]
[Round "8"]
[White "KNVB"]
[Black "Aradej"]
[Result "0-1"]
[WhiteElo "2678"]
[BlackElo "2506"]
[TimeControl "180+1"]
[EndTime "10:33:54 PDT"]
[Termination "Aradej won on time"]

1. d4 d6 2. c4 e5 3. d5 a5 4. e4 g6 5. Bd3 Bh6 6. Bxh6 Nxh6 7. Qd2 Ng8 8. Nc3 Kf8 9. Nge2 Kg7 10. O-O Nd7 11. h3 Ngf6 12. b3 Rf8 13. a3 Nc5 14.
Bc2 Nh5 15. b4 axb4 16. axb4 Rxa1 17. Rxa1 Na6 18. Rb1 Qh4 19. Qe3 f5 20. Bd3 f4 21.
Qf3 g5 22. Bc2 g4 23. hxg4 Bxg4 24. g3 Qg5 25. Qh1 fxg3 26. Nxg3 Nxg3 27. Qg2 Rf3 0-1

[Event "*** SCC Grand Prix: Titled Tuesday Blitz"]
[Site "Chess.com"]
[Date "2020.06.09"]
[Round "8"]
[White "jonaszmb"]
[Black "Skatchkov_V"]
[Result "1-0"]
[WhiteElo "2436"]
[BlackElo "2534"]
[TimeControl "180+1"]
[EndTime "10:33:55 PDT"]
[Termination "jonaszmb won by resignation"]

1. d4 Nf6 2. c4 e6 3. Nf3 b6 4. g3 Bb7 5. Bg2 Be7 6. O-O O-O 7. d5 exd5 8. Nh4 c6 9. cxd5 Nxd5 10. Nf5 Nc7 11. Nc3 d5 12. e4 Bf6 13. Bf4 Nba6 14.
e5 Be7 15. Qg4 g6 16. Nxe7+ Qxe7 17. Bg5 Qe6 18. Qh4 Qxe5 19. Rfe1 Qf5 20. Bh3 Qc2 21.
Bf6 h5 22. Qg5 Kh7 23. Ne4 dxe4 24. Bf5 Ne6 25. Qxh5+ 1-0

[Event "*** SCC Grand Prix: Titled Tuesday Blitz"]
[Site "Chess.com"]
[Date "2020.06.09"]
[Round "8"]
[White "Playgood28"]
[Black "AttilaTurzo"]
[Result "0-1"]
[WhiteElo "2258"]
[BlackElo "2482"]
[TimeControl "180+1"]
[EndTime "10:33:57 PDT"]
[Termination "AttilaTurzo won by resignation"]

1. d4 Nf6 2. c4 g6 3. Nc3 d5 4. e3 Bg7 5. Nf3 O-O 6. b4 a5 7.
b5 c6 8. bxc6 bxc6 9. Ba3 Ba6 10. Rc1 Nbd7 11. Be2 Nb6 12. cxd5 cxd5 13. Bxa6 Rxa6 14.
Ne5 Re8 15. Qd3 Ra8 16. Nb5 Rc8 17. O-O Ne4 18. f3 Nd6 19. Bxd6 exd6 20. Nc6 Qd7 21.
Nxa5 Ra8 22. Nb3 Nc4 23. e4 Qxb5 0-1

[Event "*** SCC Grand Prix: Titled Tuesday Blitz"]
[Site "Chess.com"]
[Date "2020.06.09"]
[Round "8"]
[White "YaWaleriy"]
[Black "chesstrainer2042"]
[Result "0-1"]
[WhiteElo "2205"]
[BlackElo "2437"]
[TimeControl "180+1"]
[EndTime "10:34:03 PDT"]
[Termination "chesstrainer2042 won by checkmate"]

1. d4 Nf6 2. c4 g6 3. Nc3 d5 4. cxd5 Nxd5 5. e4 Nxc3 6. bxc3 Bg7 7. Be3 c5 8. Qd2 O-O 9. Rc1 b6 10. Nf3 Bb7 11. Bd3 Nc6 12. d5 Ne5 13. Nxe5 Bxe5 14. f4 Bg7 15. c4 e6 16. O-O exd5 17. cxd5 Re8 18. Kh1 Rc8 19. f5 c4 20. Bb1 c3 21.
Qf2 Ba6 22. Rfd1 Rc4 23. d6 Qd7 24. fxg6 hxg6 25. Bf4 Bb7 26. Bd3 Rb4 27. e5 Rb2 28. Qg3 Rxg2 29. Qxg2 Bxg2+ 30. Kxg2 Bxe5 31. Bxe5 Rxe5 32. Rxc3 Qg4+ 33. Kh1 Qf3+ 34. Kg1 Rg5# 0-1

[Event "*** SCC Grand Prix: Titled Tuesday Blitz"]
[Site "Chess.com"]
[Date "2020.06.09"]
[Round "8"]
[White "i_am_sankalp"]
[Black "GuerrieroFromLevant"]
[Result "1-0"]
[WhiteElo "2203"]
[BlackElo "2321"]
[TimeControl "180+1"]
[EndTime "10:34:04 PDT"]
[Termination "i_am_sankalp won by resignation"]

1. e4 e6 2. d4 d5 3. Nc3 Nf6 4. e5 Nfd7 5. f4 c5 6. Nf3 Nc6 7. Be3 a6 8. Qd2 b5 9. O-O-O b4 10. Ne2 c4 11. f5 Qa5 12. Kb1 b3 13. Qxa5 Nxa5 14. fxe6 fxe6 15. Nf4 Nb6 16. Bd2 bxc2+ 17. Kxc2 Nc6 18. g3 h6 19. Bh3 Nd8 20. Ng6 Rg8 21. Ba5 Rb8 22. Rhf1 Nc6 23. Bc3 Na4 24. Nfh4 Nxc3 25. bxc3 Ba3 26. Rb1 Rb5 27. Ng2 Bd7 28. N2f4 Nd8 29. Bg4 Rxb1 30. Rxb1 Ba4+ 31. Kd2 Kd7 32.
Nxd5 Bb5 33. Ndf4 Bc6 34. d5 Bb5 35. Nxe6 1-0

[Event "*** SCC Grand Prix: Titled Tuesday Blitz"]
[Site "Chess.com"]
[Date "2020.06.09"]
[Round "8"]
[White "KaterinaMiroshnik"]
[Black "Pomegranate988"]
[Result "0-1"]
[WhiteElo "2428"]
[BlackElo "2567"]
[TimeControl "180+1"]
[EndTime "10:34:06 PDT"]
[Termination "Pomegranate988 won by resignation"]

1. d4 Nf6 2. Nf3 g6 3. c3 Bg7 4.
g3 O-O 5. Bg2 d6 6. O-O Nbd7 7.
Nbd2 e5 8. e4 Qe7 9. Re1 Rd8 10.
d5 Ne8 11. Nc4 a5 12. a4 b6 13. Be3 f5 14. Ng5 Ndf6 15. exf5 gxf5 16. Ne6 Bxe6 17. dxe6 e4 18. f3 d5 19. Ne5 Qxe6 20. f4 Nd7 21.
Nxd7 Rxd7 22. Bd4 c5 23. Bxg7 Kxg7 24. g4 Nf6 25. g5 Ng8 26. Bh3 Ne7 27. Kh1 Ng6 28. Qd2 d4 29. Rad1 Rad8 30. Qf2 e3 31.
Qc2 Rf7 32. cxd4 cxd4 33. Rxd4 Rxd4 34. Qc3 Rd7 35. Rxe3 Qc4 36. Qxc4 Rxc4 37. Bxf5 Rd1+ 38. Kg2 Nxf4+ 0-1

[Event "*** SCC Grand Prix: Titled Tuesday Blitz"]
[Site "Chess.com"]
[Date "2020.06.09"]
[Round "8"]
[White "Slovak_fighter2000"]
[Black "AndrewDGreen"]
[Result "0-1"]
[WhiteElo "2436"]
[BlackElo "2362"]
[TimeControl "180+1"]
[EndTime "10:34:06 PDT"]
[Termination "AndrewDGreen won by resignation"]

1. c4 c5 2. Nc3 g6 3. g3 Bg7 4.
Bg2 Nc6 5. h4 h5 6. d3 d6 7. Nh3 e5 8. Qd2 Nge7 9. b3 O-O 10. Bb2 Rb8 11. e3 a6 12. Nd5 Nxd5 13.
cxd5 Ne7 14. Ng5 b5 15. O-O Nf5 16. Kh2 a5 17. a4 b4 18. Bh3 Qc7 19. e4 Nd4 20.
Bxd4 Bxh3 21. Nxh3 exd4 22. f4 Bh6 23. Qg2 f5 24. Rac1 Rbe8 25. Rfe1 Qf7 26. Ng1 Re7 27. Nf3 fxe4 28. dxe4 Bxf4 29. gxf4 Qxf4+ 30. Qg3 Qxf3 31. Qxg6+ Rg7 32. Qe6+ Rff7 33. Qh3 Qf2+ 34. Kh1 Rf3 35. Qe6+ Kh7 36. Rg1 Qxh4+ 0-1

[Event "*** SCC Grand Prix: Titled Tuesday Blitz"]
[Site "Chess.com"]
[Date "2020.06.09"]
[Round "8"]
[White "reniite"]
[Black "politeplayer"]
[Result "0-1"]
[WhiteElo "1835"]
[BlackElo "2270"]
[TimeControl "180+1"]
[EndTime "10:34:09 PDT"]
[Termination "politeplayer won by resignation"]

1. e4 e6 2. d4 d5 3. Nc3 dxe4 4.
Nxe4 Nd7 5. Nf3 Ngf6 6. Bg5 h6 7.
Bxf6 Nxf6 8. Nxf6+ Qxf6 9. Bd3 Bd6 10. Qe2 O-O 11. O-O-O a5 12. Qe4 g6 13. h4 Qf4+ 14. Qxf4 Bxf4+ 15. Kb1 h5 16. g3 Bd6 17.
Rhe1 a4 18. a3 Ra5 19. Ne5 Rd8 20. Nc4 Rd5 21. Be4 Rb5 22. Nxd6 Rxd6 23. c4 Rb3 24. Kc2 Rdb6 25. Rb1 Bd7 26. d5 exd5 27. Bxd5 Bf5+ 28. Kd2 0-1

[Event "*** SCC Grand Prix: Titled Tuesday Blitz"]
[Site "Chess.com"]
[Date "2020.06.09"]
[Round "8"]
[White "chenxiaoyuer"]
[Black "GregShahade"]
[Result "0-1"]
[WhiteElo "2375"]
[BlackElo "2550"]
[TimeControl "180+1"]
[EndTime "10:34:10 PDT"]
[Termination "GregShahade won by resignation"]

1. e4 e5 2. Nf3 Nc6 3. Bb5 a6 4. Ba4 Nf6 5. d3 b5 6. Bb3 Bc5 7. c3 d6 8. O-O h6 9. Nbd2 O-O 10. h3 Re8 11. Re1 Be6 12. Bxe6 Rxe6 13. Nf1 d5 14. exd5 Qxd5 15. Be3 Rd8 16. Qb3 Bxe3 17. Rxe3 Qd6 18.
Ng3 Nd5 19. Ree1 Nf4 20. Rad1 Qe7 21. Re3 Nd5 22. Ree1 Nf4 23. Re3 Qf6 24. Qc2 Ne7 25. Ne4 Qg6 26. Ne1 Nf5 27. Rf3 Nh4 28. Rg3 Qf5 29. f3 Rg6 30. Qf2 Rxg3 31. Nxg3 Qg6 32. Ne4 Nxh3+ 33. Kf1 Nxf2 34. Nxf2 0-1

[Event "*** SCC Grand Prix: Titled Tuesday Blitz"]
[Site "Chess.com"]
[Date "2020.06.09"]
[Round "8"]
[White "OparinGrigoriy"]
[Black "BursaBBSatranc"]
[Result "1-0"]
[WhiteElo "2876"]
[BlackElo "2519"]
[TimeControl "180+1"]
[EndTime "10:34:11 PDT"]
[Termination "OparinGrigoriy won by resignation"]

1. d4 d5 2. c4 c6 3. Nf3 Nf6 4. Nbd2 g6 5. g3 Bg7 6. Bg2 O-O 7. O-O a5 8. b3 a4 9. Bb2 Ne4 10. e3 Nxd2 11. Qxd2 Bg4 12. Rfc1 Nd7 13. cxd5 cxd5 14. Ne5 Nxe5 15. dxe5 Be6 16. Bd4 Qd7 17. Qb4 axb3 18. axb3 Rfc8 19. Rxa8 Rxa8 20. Bf1 Rc8 21. Rxc8+ Qxc8 22. Qxe7 Bf8 23. Qh4 Qc1 24. Kg2 Bf5 25. e6 Be4+ 26.
Kg1 Bd3 27. exf7+ Kxf7 28. Qxh7+ Ke8 29. Qh3 Kf7 30. Qd7+ Be7 31. Qxd5+ Ke8 32. Qg2 g5 33.
h3 Qe1 34. Be5 b6 35. Qa8+ Kf7 36. Qd5+ 1-0

[Event "*** SCC Grand Prix: Titled Tuesday Blitz"]
[Site "Chess.com"]
[Date "2020.06.09"]
[Round "8"]
[White "Bathory44"]
[Black "Jbd735"]
[Result "1-0"]
[WhiteElo "2593"]
[BlackElo "2456"]
[TimeControl "180+1"]
[EndTime "10:34:11 PDT"]
[Termination "Bathory44 won on time"]

1. e4 e5 2. Nf3 Nc6 3. Bb5 a6 4. Ba4 Nf6 5. O-O Be7 6. d3 b5 7. Bb3 d6 8. a3 O-O 9. Nc3 Bg4 10. Be3 Nd4 11. Bxd4 exd4 12. Nd5 c6 13. h3 Bh5 14.
Nxe7+ Qxe7 15. g4 Nxg4 16. hxg4 Bxg4 17. Kg2 Kh8 18. Qd2 Bxf3+ 19. Kxf3 f5 20. e5 dxe5 21. Rae1 Qh4 22. Ke2 Rad8 23. Kd1 e4 24. Rh1 Qg4+ 25. Kc1 Rf6 26. Reg1 Qf3 27. Qg5 1-0

[Event "*** SCC Grand Prix: Titled Tuesday Blitz"]
[Site "Chess.com"]
[Date "2020.06.09"]
[Round "8"]
[White "SantoBlue"]
[Black "Vuk2000"]
[Result "0-1"]
[WhiteElo "2778"]
[BlackElo "2646"]
[TimeControl "180+1"]
[EndTime "10:34:12 PDT"]
[Termination "Vuk2000 won by resignation"]

1. Nf3 Nf6 2. c4 e6 3. b3 d5 4.
Bb2 Be7 5. g3 O-O 6. Bg2 a5 7.
O-O c6 8. d3 b6 9. Nbd2 a4 10.
bxa4 Nbd7 11. Nb3 Bb7 12. cxd5 cxd5 13. Ne5 Rxa4 14. Nd4 Qa8 15. Nxd7 Nxd7 16. Qb3 Rb4 17. Qc2 Rc8 18. Qd2 Bf6 19. Nb3 Ra4 20. Bxf6 Nxf6 21. h3 d4 22. Bxb7 Qxb7 23. Rac1 Rca8 24. Rc2 Nd5 25.
Rfc1 h6 26. Qe1 e5 27. e3 dxe3 28. fxe3 Rxa2 29. Qf2 Nb4 30. Rxa2 Rxa2 31. Qf1 Nxd3 32. Rd1 Rf2 33. Qxf2 Nxf2 34. Kxf2 Qc8 35. Nd2 Qf5+ 36. Ke2 Qxh3 37. Ne4 Qg4+ 38. Kd3 Qxd1+ 0-1

[Event "*** SCC Grand Prix: Titled Tuesday Blitz"]
[Site "Chess.com"]
[Date "2020.06.09"]
[Round "8"]
[White "Siniauski"]
[Black "amiralfio"]
[Result "1-0"]
[WhiteElo "2510"]
[BlackElo "2368"]
[TimeControl "180+1"]
[EndTime "10:34:12 PDT"]
[Termination "Siniauski won by checkmate"]

1. e4 e5 2. Nf3 Nc6 3. Bb5 a6 4.
Ba4 Nf6 5. O-O Bc5 6. Re1 b5 7. Bb3 d6 8. c3 Bb6 9. h3 O-O 10.
d4 exd4 11. cxd4 d5 12. e5 Ne4 13. Nc3 Nxc3 14. bxc3 Bf5 15. Bf4 Na5 16. Bc2 Bxc2 17. Qxc2 Nc4 18. Ng5 g6 19. e6 Qf6 20. exf7+ Kh8 21.
g3 h6 22. Re6 Qf5 23. Qxf5 gxf5 24. Rxh6+ Kg7 25. Rh7+ Kg6 26. Re1 Rae8 27. Rxe8 Rxe8 28. fxe8=Q+ Kf6 29. Qe6# 1-0

[Event "*** SCC Grand Prix: Titled Tuesday Blitz"]
[Site "Chess.com"]
[Date "2020.06.09"]
[Round "8"]
[White "j2806"]
[Black "Chuchofrio1"]
[Result "0-1"]
[WhiteElo "2022"]
[BlackElo "2189"]
[TimeControl "180+1"]
[EndTime "10:34:12 PDT"]
[Termination "Chuchofrio1 won by resignation"]

1. e4 c5 2. Nf3 Nc6 3. d4 cxd4 4. Nxd4 Nf6 5. Nc3 e5 6. Ndb5 d6 7. Bg5 a6 8. Na3 b5 9. Nd5 Be7 10. Bxf6 Bxf6 11. c3 O-O 12. Nc2 Bg5 13. a4 bxa4 14.
Rxa4 a5 15. Bc4 Rb8 16. b3 Kh8 17. O-O f5 18. exf5 Bxf5 19. Nce3 Be6 20. Qd3 Qd7 21. Rfa1 Qf7 22. f3 Bd8 23. b4 axb4 24. Nxb4 Nxb4 25.
Rxb4 Rxb4 26. cxb4 Bb6 27. Kh1 Bd4 28. Rd1 Rc8 29.
Bxe6 Qxe6 30. Rb1 Rc3 31. Qa6 Bxe3 32. b5 Qc8 33. Qa1 Rc1+ 34. Rxc1 Qxc1+ 35. Qxc1 Bxc1 36. b6 Be3 37. b7 Ba7 38. h4 Kg8 0-1

[Event "*** SCC Grand Prix: Titled Tuesday Blitz"]
[Site "Chess.com"]
[Date "2020.06.09"]
[Round "8"]
[White "Danesz22"]
[Black "RitvarsReimanis"]
[Result "1-0"]
[WhiteElo "2371"]
[BlackElo "2462"]
[TimeControl "180+1"]
[EndTime "10:34:14 PDT"]
[Termination "Danesz22 won by resignation"]

1. e4 c5 2. Nf3 Nc6 3. c3 Nf6 4.
e5 Nd5 5. d4 cxd4 6. cxd4 d6 7.
Bc4 e6 8. O-O Be7 9. Qe2 O-O 10.
Nc3 Nxc3 11. bxc3 Qa5 12. Bd2 dxe5 13. dxe5 Bd7 14. Bb3 Rfd8 15. Rad1 Be8 16. Qe4 Rac8 17. h4 Nb8 18. Bg5 Bc6 19. Qf4 Qc7 20. Nd4 Bd5 21.
Bxe7 Qxe7 22. Bxd5 Rxd5 23. Nf5 Qd7 24. Rxd5 exd5 25.
Rd1 Kh8 26. Qg5 Rg8 27. Nd6 f6 28. Qf5 Rf8 29. Qxd7 Nxd7 30. e6 1-0

[Event "*** SCC Grand Prix: Titled Tuesday Blitz"]
[Site "Chess.com"]
[Date "2020.06.09"]
[Round "8"]
[White "Quattroporte300"]
[Black "MYMChessAcademy"]
[Result "0-1"]
[WhiteElo "2229"]
[BlackElo "2373"]
[TimeControl "180+1"]
[EndTime "10:34:14 PDT"]
[Termination "MYMChessAcademy won by resignation"]

1. e4 c5 2. Nf3 d6 3. d4 cxd4 4. Nxd4 a6 5. c4 b6 6. Nc3 Bb7 7.
Be3 Nf6 8. Bd3 Nbd7 9. f3 e6 10. O-O Be7 11. Rc1 O-O 12. Qe2 Rc8 13. Rfd1 Re8 14.
b3 Qc7 15. Qf2 Qb8 16. Na4 d5 17. cxd5 exd5 18. Rxc8 Qxc8 19. Nf5 dxe4 20. Nxe7+ Rxe7 21. fxe4 b5 22. Rc1 Qe8 23. Nc5 Nxc5 24. Bxc5 Re6 25. Re1 Bxe4 26. Bf1 Bb7 27. Rxe6 Qxe6 28. Qd4 Qd5 29.
Qxd5 Bxd5 30. Kf2 Ne4+ 0-1

[Event "*** SCC Grand Prix: Titled Tuesday Blitz"]
[Site "Chess.com"]
[Date "2020.06.09"]
[Round "8"]
[White "mfwagnerpeixoto"]
[Black "Maksimus1998"]
[Result "0-1"]
[WhiteElo "2261"]
[BlackElo "2502"]
[TimeControl "180+1"]
[EndTime "10:34:16 PDT"]
[Termination "Maksimus1998 won by resignation"]

1. d4 Nf6 2. Nf3 e6 3. Bf4 c5 4. e3 Nc6 5. c3 Nh5 6. Bg3 Nxg3 7.
hxg3 h6 8. Bd3 d5 9. Nbd2 Be7 10. Qe2 b6 11. Bb5 Bd7 12. Bxc6 Bxc6 13. Ne5 Qc7 14. Qh5 Bf6 15. Ng4 Be7 16. Ne5 Bd6 17. Ndf3 Bb5 18. g4 g6 19. Qh3 O-O-O 20. a4 Ba6 21. a5 bxa5 22. g5 h5 23. Kd2 Qb6 24. Ra2 Rhf8 25. Rha1 Qb5 26. Rxa5 Qe2+ 27. Kc1 Qf1+ 28. Kc2 Qxf2+ 29. Kb3 Kc7 30. Rxa6 Rb8+ 31. Ka4 Qxb2 32. Rxa7+ Kc8 0-1

[Event "*** SCC Grand Prix: Titled Tuesday Blitz"]
[Site "Chess.com"]
[Date "2020.06.09"]
[Round "8"]
[White "MartinMatthiesen"]
[Black "SoltaniciR"]
[Result "0-1"]
[WhiteElo "2365"]
[BlackElo "2495"]
[TimeControl "180+1"]
[EndTime "10:34:20 PDT"]
[Termination "SoltaniciR won by checkmate"]

1. d4 Nf6 2. c4 e6 3. Nf3 Nc6 4. a3 d6 5. Nc3 g6 6. e3 Bg7 7.
Be2 O-O 8. O-O e5 9. dxe5 dxe5 10. b3 e4 11. Nd2 Bf5 12. Bb2 Ne5 13. h3 h5 14. Nb5 Re8 15. Qb1 Qd7 16. Rd1 c6 17.
Nf1 Nd3 18. Nd4 Bxh3 19. Bxd3 exd3 20. Qxd3 Qg4 21. Qe2 Qxg2# 0-1